TOP OF THE 1ST |
North Carolina State Wolfpack batting - Pitching for Missouri Tigers : RHP Foster Gray
|
Pitching: RHP Foster Gray
|
|
Batting: LHB Steven Gregory
|
0-0: Ball 1-0: Swinging Strike 1-1: Ground out 4-3 (Groundball, 4S)
|
Batting: LHB Nick Henderson
|
0-0: Foul Ball, location: 2F 0-1: Ground out 6-3 (Groundball, 6)
|
Batting: RHB Ronald McMillan
|
0-0: Called Strike 0-1: Called Strike 0-2: Strikes out looking
|
Top of the 1st over - 0 runs, 0 hits, 0 errors, 0 left on base; North Carolina State 0 - Missouri 0 |
BOTTOM OF THE 1ST |
Missouri Tigers batting - Pitching for North Carolina State Wolfpack : RHP Jim Puckett
|
Pitching: RHP Jim Puckett
|
|
Batting: SHB Marcos Cruz
|
0-0: Called Strike 0-1: Ball 1-1: Ball 2-1: Foul Ball, location: 2F 2-2: Ball 3-2: Base on Balls
|
Batting: LHB Julián Echevarría
|
0-0: Called Strike 0-1: Foul Ball, location: 2F 0-2: Ball 1-2: Ball 2-2: Ball 3-2: Strikes out swinging
|
Batting: SHB Brian Fish
|
0-0: Swinging Strike 0-1: Ball 1-1: Ball 2-1: Swinging Strike 2-2: Foul Ball, location: 2F 2-2: Foul Ball, location: 2F 2-2: Ball 3-2: SINGLE (Line Drive, 89S) Marcos Cruz to second Runner from 2nd tries for 3rd, SAFE, no throw
|
Batting: LHB Rodney Rosa
|
0-0: Ball 1-0: Foul Ball, location: 2F 1-1: Ball 2-1: Ball 3-1: Called Strike 3-2: Base on Balls Brian Fish to second
|
Batting: RHB Harvey Willis
|
0-0: Called Strike 0-1: Ball 1-1: Ball 2-1: Called Strike 2-2: Ball 3-2: Strikes out swinging
|
Batting: LHB Michael Robertson
|
0-0: Foul Ball, location: 2F 0-1: Ball 1-1: Called Strike 1-2: Foul Ball, location: 2F 1-2: Foul Ball, location: 2F 1-2: SINGLE (Groundball, 3S) (infield hit) Marcos Cruz scores Brian Fish to third Rodney Rosa to second
|
Batting: RHB Harry Edwards
|
0-0: Ball 1-0: Ground out 3-1 (Groundball, 34)
|
Bottom of the 1st over - 1 run, 2 hits, 0 errors, 3 left on base; North Carolina State 0 - Missouri 1 |
TOP OF THE 2ND |
North Carolina State Wolfpack batting - Pitching for Missouri Tigers : RHP Foster Gray
|
Batting: RHB Joe Davis
|
0-0: Called Strike 0-1: Ball 1-1: Foul Ball, location: 2F 1-2: Ball 2-2: Fly out, F4 (Popup, 4D)
|
Batting: RHB Chris Curry
|
0-0: SINGLE (Groundball, 34S) (infield hit)
|
Batting: SHB Mark Hendree
|
0-0: Ball 1-0: Ground out U3 (Groundball, 3) Chris Curry to second
|
Batting: RHB Héctor Meléndez
|
0-0: Foul Ball, location: 2F 0-1: Ball 1-1: Called Strike 1-2: Foul Ball, location: 2F 1-2: Ball 2-2: Fly out, F9 (Flyball, 9LS)
|
Top of the 2nd over - 0 runs, 1 hit, 0 errors, 1 left on base; North Carolina State 0 - Missouri 1 |
BOTTOM OF THE 2ND |
Missouri Tigers batting - Pitching for North Carolina State Wolfpack : RHP Jim Puckett
|
Batting: LHB Alfredo Herrera
|
0-0: SOLO HOME RUN (Flyball, 9LD), Distance : 316 ft
|
Batting: SHB David Castaneda
|
0-0: Ball 1-0: Called Strike 1-1: Ball 2-1: Foul Ball, location: 2F 2-2: DOUBLE (Groundball, 3L)
|
Batting: SHB Marcos Cruz
|
0-0: Ball David Castaneda steals 3rd base 1-0: Ball 2-0: Called Strike 2-1: Swinging Strike 2-2: Ball 3-2: Foul Ball, location: 2F 3-2: Foul Ball, location: 2F 3-2: Base on Balls
|
Batting: LHB Julián Echevarría
|
0-0: Called Strike 0-1: Ball 1-1: Ball Marcos Cruz is caught stealing 2nd base 2-1: Ball 3-1: SINGLE (Groundball, 6MD) David Castaneda scores
|
Batting: SHB Brian Fish
|
0-0: Called Strike 0-1: Ball 1-1: Foul Ball, location: 2F 1-2: Ball 2-2: Foul Ball, location: 2F 2-2: Ball 3-2: Base on Balls Julián Echevarría to second
|
Batting: LHB Rodney Rosa
|
0-0: Called Strike 0-1: Ball 1-1: Swinging Strike 1-2: Ball 2-2: Fly out, F9 (Flyball, 9S)
|
Batting: RHB Harvey Willis
|
0-0: Ground out 4-3 (Groundball, 4)
|
Bottom of the 2nd over - 2 runs, 3 hits, 0 errors, 2 left on base; North Carolina State 0 - Missouri 3 |
TOP OF THE 3RD |
North Carolina State Wolfpack batting - Pitching for Missouri Tigers : RHP Foster Gray
|
Batting: LHB Trent Harper
|
0-0: Ball 1-0: Ball 2-0: SINGLE (Groundball, 3D)
|
Batting: LHB Garrett Roberson
|
0-0: Ball 1-0: Ball 2-0: Called Strike 2-1: Called Strike 2-2: Ball 3-2: Base on Balls Trent Harper to second
|
Batting: LHB Steven Gregory
|
0-0: Ball 1-0: Foul Ball, location: 2F 1-1: Ball 2-1: Ball 3-1: Fly out, F4 (Line Drive, 4)
|
Batting: LHB Nick Henderson
|
0-0: Ball 1-0: Ball 2-0: Foul Ball, location: 2F 2-1: Ball 3-1: Called Strike 3-2: Base on Balls Trent Harper to third Garrett Roberson to second
|
Batting: RHB Ronald McMillan
|
0-0: Called Strike 0-1: Ball 1-1: Foul Ball, location: 2F 1-2: Foul Ball, location: 2F 1-2: Strikes out looking
|
Batting: RHB Joe Davis
|
0-0: Called Strike 0-1: Called Strike 0-2: Ball 1-2: DOUBLE (Line Drive, 8LD) Trent Harper scores Garrett Roberson scores Nick Henderson to third Runner from 3rd tries for Home, SAFE, no throw
|
Batting: RHB Chris Curry
|
0-0: Ball 1-0: Ground out 1-3 (Groundball, P)
|
Top of the 3rd over - 3 runs, 2 hits, 0 errors, 1 left on base; North Carolina State 3 - Missouri 3 |
BOTTOM OF THE 3RD |
Missouri Tigers batting - Pitching for North Carolina State Wolfpack : RHP Jim Puckett
|
Batting: LHB Michael Robertson
|
0-0: Called Strike 0-1: Ball 1-1: Fly out, F9 (Flyball, 89S)
|
Batting: RHB Harry Edwards
|
0-0: Called Strike 0-1: Foul Ball, location: 2F 0-2: Strikes out swinging
|
Batting: LHB Alfredo Herrera
|
0-0: Ball 1-0: Foul Ball, location: 2F 1-1: Foul Ball, location: 2F 1-2: Strikes out swinging
|
Bottom of the 3rd over - 0 runs, 0 hits, 0 errors, 0 left on base; North Carolina State 3 - Missouri 3 |
TOP OF THE 4TH |
North Carolina State Wolfpack batting - Pitching for Missouri Tigers : RHP Foster Gray
|
Batting: SHB Mark Hendree
|
0-0: Called Strike 0-1: Ball 1-1: Called Strike 1-2: Strikes out swinging
|
Batting: RHB Héctor Meléndez
|
0-0: Swinging Strike 0-1: Ball 1-1: Foul Ball, location: 2F 1-2: Foul Ball, location: 2F 1-2: Ground out U3 (Groundball, 34)
|
Batting: LHB Trent Harper
|
0-0: Fly out, F4 (Line Drive, 4)
|
Top of the 4th over - 0 runs, 0 hits, 0 errors, 0 left on base; North Carolina State 3 - Missouri 3 |
BOTTOM OF THE 4TH |
Missouri Tigers batting - Pitching for North Carolina State Wolfpack : RHP Jim Puckett
|
Pitching: RHP Steve Harrison
|
|
Batting: SHB David Castaneda
|
0-0: Called Strike 0-1: Ball 1-1: Foul Ball, location: 2F 1-2: Fly out, F8 (Flyball, 8RD)
|
Batting: SHB Marcos Cruz
|
0-0: Called Strike 0-1: Ball 1-1: Called Strike 1-2: Strikes out swinging
|
Batting: LHB Julián Echevarría
|
0-0: Ground out 6-3 (Groundball, 6)
|
Bottom of the 4th over - 0 runs, 0 hits, 0 errors, 0 left on base; North Carolina State 3 - Missouri 3 |
|
|
TOP OF THE 5TH |
North Carolina State Wolfpack batting - Pitching for Missouri Tigers : RHP Foster Gray
|
Batting: LHB Garrett Roberson
|
0-0: Called Strike 0-1: Ground out 5-3 (Groundball, 5)
|
Batting: LHB Steven Gregory
|
0-0: Called Strike 0-1: Ball 1-1: Ball 2-1: Fly out, F8 (Flyball, 78D)
|
Batting: LHB Nick Henderson
|
0-0: Swinging Strike 0-1: Foul Ball, location: 2F 0-2: Ball 1-2: Ball 2-2: Strikes out swinging
|
Top of the 5th over - 0 runs, 0 hits, 0 errors, 0 left on base; North Carolina State 3 - Missouri 3 |
BOTTOM OF THE 5TH |
Missouri Tigers batting - Pitching for North Carolina State Wolfpack : RHP Steve Harrison
|
Batting: SHB Brian Fish
|
0-0: Ball 1-0: Swinging Strike 1-1: SINGLE (Line Drive, 4D)
|
Batting: LHB Rodney Rosa
|
0-0: SINGLE (Line Drive, 78S) Brian Fish to second
|
Batting: RHB Harvey Willis
|
0-0: Ball 1-0: Ball 2-0: Ball 3-0: Called Strike 3-1: Base on Balls Brian Fish to third Rodney Rosa to second
|
Batting: LHB Michael Robertson
|
0-0: Called Strike 0-1: Swinging Strike 0-2: Ball 1-2: Strikes out looking
|
Batting: RHB Harry Edwards
|
0-0: Ball 1-0: Ball 2-0: Called Strike 2-1: Foul Ball, location: 2F 2-2: Ball 3-2: Base on Balls Brian Fish scores Rodney Rosa to third Harvey Willis to second
|
Batting: LHB Alfredo Herrera
|
0-0: Ball 1-0: Called Strike 1-1: Grounds into double play, 6-2-3 (Groundball, 6)
|
Bottom of the 5th over - 1 run, 2 hits, 0 errors, 2 left on base; North Carolina State 3 - Missouri 4 |
TOP OF THE 6TH |
North Carolina State Wolfpack batting - Pitching for Missouri Tigers : RHP Foster Gray
|
Batting: RHB Ronald McMillan
|
0-0: Ball 1-0: Ball 2-0: Called Strike 2-1: Foul Ball, location: 2F 2-2: Ball 3-2: Foul Ball, location: 2F 3-2: Fly out, F3 (Popup, 3S)
|
Pitching: RHP Ben Crochers
|
|
Batting: RHB Joe Davis
|
0-0: Swinging Strike 0-1: Ball 1-1: Foul Ball, location: 2F 1-2: Strikes out swinging
|
Batting: RHB Chris Curry
|
0-0: Called Strike 0-1: Ball 1-1: Foul Ball, location: 2F 1-2: Ball 2-2: Foul Ball, location: 2F 2-2: Strikes out swinging
|
Top of the 6th over - 0 runs, 0 hits, 0 errors, 0 left on base; North Carolina State 3 - Missouri 4 |
BOTTOM OF THE 6TH |
Missouri Tigers batting - Pitching for North Carolina State Wolfpack : RHP Steve Harrison
|
Batting: SHB David Castaneda
|
0-0: Ball 1-0: Ball 2-0: Foul Ball, location: 2F 2-1: Ball 3-1: Fly out, F9 (Flyball, 9LS)
|
Batting: SHB Marcos Cruz
|
0-0: Ball 1-0: Ball 2-0: Ball 3-0: Base on Balls
|
Batting: LHB Julián Echevarría
|
0-0: Ball Marcos Cruz is caught stealing 2nd base 1-0: Hit by Pitch
|
Batting: SHB Brian Fish
|
0-0: Ball 1-0: Ball 2-0: Called Strike 2-1: Fielders Choice at 2nd, U6 (Groundball, 6M)
|
Bottom of the 6th over - 0 runs, 0 hits, 0 errors, 1 left on base; North Carolina State 3 - Missouri 4 |
TOP OF THE 7TH |
North Carolina State Wolfpack batting - Pitching for Missouri Tigers : RHP Ben Crochers
|
Batting: SHB Mark Hendree
|
0-0: Ball 1-0: Ball 2-0: Ball 3-0: Base on Balls
|
Batting: RHB Héctor Meléndez
|
0-0: Ball 1-0: Ball 2-0: Sac Bunt - play at first, batter OUT! 1-4 Mark Hendree to second
|
Batting: LHB Trent Harper
|
0-0: Ball 1-0: Foul Ball, location: 2F 1-1: Ball 2-1: Ball 3-1: Base on Balls
|
Pinch Hitting: RHB Alex Miller
|
0-0: Called Strike 0-1: Ball Mark Hendree steals 3rd base 1-1: Ball 2-1: Ball 3-1: Base on Balls Trent Harper to second
|
Batting: LHB Steven Gregory
|
0-0: Ball 1-0: Ball 2-0: Ball 3-0: Foul Ball, location: 2F 3-1: Called Strike 3-2: Strikes out swinging
|
Batting: LHB Nick Henderson
|
0-0: Ball 1-0: Foul Ball, location: 2F 1-1: Swinging Strike 1-2: Strikes out looking
|
Top of the 7th over - 0 runs, 0 hits, 0 errors, 3 left on base; North Carolina State 3 - Missouri 4 |
BOTTOM OF THE 7TH |
Missouri Tigers batting - Pitching for North Carolina State Wolfpack : RHP Steve Harrison
|
Now in RF: Alex Miller
|
|
Batting: LHB Rodney Rosa
|
0-0: SINGLE (Groundball, 56D)
|
Batting: RHB Harvey Willis
|
0-0: Ball 1-0: Ball 2-0: Foul Ball, location: 2F 2-1: Swinging Strike 2-2: Ball 3-2: Foul Ball, location: 2F 3-2: Base on Balls Rodney Rosa to second
|
Batting: LHB Michael Robertson
|
0-0: Ball 1-0: Ball 2-0: Ball 3-0: Called Strike 3-1: Called Strike 3-2: Base on Balls Rodney Rosa to third Harvey Willis to second
|
Pitching: RHP Chris Crews
|
|
Batting: RHB Harry Edwards
|
0-0: Foul Ball, location: 2F 0-1: Fly out, F8 (Flyball, 8RS) Runner from 3rd tags up, SCORES, no throw
|
Batting: LHB Alfredo Herrera
|
0-0: Swinging Strike 0-1: Foul Ball, location: 2F 0-2: Strikes out swinging
|
Pinch Hitting: RHB Beau McNeill
|
0-0: Ball 1-0: Swinging Strike 1-1: Ball 2-1: Ball 3-1: Fielders Choice at 2nd, 6-4 (Groundball, 6)
|
Bottom of the 7th over - 1 run, 1 hit, 0 errors, 2 left on base; North Carolina State 3 - Missouri 5 |
TOP OF THE 8TH |
North Carolina State Wolfpack batting - Pitching for Missouri Tigers : RHP Ben Crochers
|
Now at 2B: Beau McNeill
|
|
Batting: RHB Ronald McMillan
|
0-0: Ball 1-0: Ball 2-0: Ball 3-0: Base on Balls
|
Batting: RHB Joe Davis
|
0-0: Called Strike 0-1: Ball 1-1: Called Strike 1-2: Ball 2-2: Foul Ball, location: 2F 2-2: Ball 3-2: Base on Balls Ronald McMillan to second
|
Batting: RHB Chris Curry
|
0-0: Ball 1-0: Ball 2-0: Fly out, F9 (Line Drive, 9S)
|
Pitching: RHP Stephen Bishop
|
|
Batting: SHB Mark Hendree
|
0-0: Swinging Strike 0-1: Ball 1-1: Fly out, F8 (Flyball, 78D)
|
Batting: RHB Héctor Meléndez
|
0-0: Called Strike 0-1: Foul Ball, location: 2F 0-2: Foul Ball, location: 2F 0-2: Strikes out swinging
|
Top of the 8th over - 0 runs, 0 hits, 0 errors, 2 left on base; North Carolina State 3 - Missouri 5 |
BOTTOM OF THE 8TH |
Missouri Tigers batting - Pitching for North Carolina State Wolfpack : RHP Chris Crews
|
Batting: SHB Marcos Cruz
|
0-0: Called Strike 0-1: Ball 1-1: Ball 2-1: Ball 3-1: Foul Ball, location: 2F 3-2: Fly out, F9 (Flyball, 89M)
|
Batting: LHB Julián Echevarría
|
0-0: Foul Ball, location: 2F 0-1: Ball 1-1: Foul Ball, location: 2F 1-2: Ball 2-2: Ball 3-2: Base on Balls
|
Batting: SHB Brian Fish
|
0-0: Ball 1-0: Ball 2-0: Called Strike 2-1: Fly out, F6 (Popup, 6MS)
|
Batting: LHB Rodney Rosa
|
0-0: Called Strike 0-1: Called Strike 0-2: SINGLE (Line Drive, 7LS) Julián Echevarría to second
|
Batting: RHB Harvey Willis
|
0-0: Ball 1-0: Ball 2-0: Ball 3-0: Base on Balls Julián Echevarría to third Rodney Rosa to second
|
Batting: LHB Michael Robertson
|
0-0: Called Strike 0-1: Ball 1-1: Foul Ball, location: 2F 1-2: Ball 2-2: Strikes out swinging
|
Bottom of the 8th over - 0 runs, 1 hit, 0 errors, 3 left on base; North Carolina State 3 - Missouri 5 |
TOP OF THE 9TH |
North Carolina State Wolfpack batting - Pitching for Missouri Tigers : RHP Stephen Bishop
|
Batting: LHB Trent Harper
|
0-0: Ball 1-0: Ground out U3 (Groundball, 34)
|
Batting: RHB Alex Miller
|
0-0: Called Strike 0-1: Foul Ball, location: 2F 0-2: Strikes out swinging
|
Batting: LHB Steven Gregory
|
0-0: Foul Ball, location: 2F 0-1: SOLO HOME RUN (Line Drive, 78XD), Distance : 366 ft
|
Batting: LHB Nick Henderson
|
0-0: Called Strike 0-1: Swinging Strike 0-2: Ball 1-2: Fly out, F7 (Flyball, 7S)
|
Top of the 9th over - 1 run, 1 hit, 0 errors, 0 left on base; North Carolina State 4 - Missouri 5 |
|
Saturday, April 7th, 2018 - OOTP Baseball 18.8 Build 76
|
|